PUBAA
CHARLESTON CHEW @ BEAUMONT ROUGHNECKS
05/16/1972
 
TOP OF THE 1ST
Charleston Chew batting - Pitching for Beaumont Roughnecks : RHP Tom Gallagher
Pitching: RHP Tom Gallagher
Batting: RHB Jerry Moore 0-0: Ball
1-0: Ground out 5-3 (Groundball, 56, EV 105.6 MPH)
Batting: RHB Edgardo Brieno 0-0: SOLO HOME RUN (Flyball, 89XD, EV 100.6 MPH), Distance : 390 ft
Batting: LHB Eric Alexander 0-0: Ball
1-0: Ball
2-0: Ground out 6-3 (Groundball, 6, EV 104.4 MPH)
Batting: RHB Ernest Ramsey 0-0: Called Strike
0-1: Foul Ball, location: 2F
0-2: Ball
1-2: Ball
2-2: Fly out, F9 (Flyball, 89S, EV 91.9 MPH)
Top of the 1st over - 1 run, 1 hit, 0 errors, 0 left on base; Charleston 1 - Beaumont 0
BOTTOM OF THE 1ST
Beaumont Roughnecks batting - Pitching for Charleston Chew : LHP Heui-seong Pak
Pitching: LHP Heui-seong Pak
Batting: RHB Errol Martin 0-0: Called Strike
0-1: Foul Ball, location: 2F
0-2: Strikes out swinging
Batting: LHB Frank Hudson 0-0: Fly out, F6 (Line Drive, 6, EV 70.6 MPH)
Batting: RHB Chris Roy 0-0: SOLO HOME RUN (Flyball, 9D, EV 95.0 MPH), Distance : 363 ft
Batting: SHB Mark Jewell 0-0: Foul Ball, location: 2F
0-1: Foul Ball, location: 2LF
0-2: Ball
1-2: Ball
2-2: Hit by Pitch
Batting: RHB Shane Smith 0-0: Fly out, F2 (Popup, 23F, EV 77.5 MPH)
Bottom of the 1st over - 1 run, 1 hit, 0 errors, 1 left on base; Charleston 1 - Beaumont 1
TOP OF THE 2ND
Charleston Chew batting - Pitching for Beaumont Roughnecks : RHP Tom Gallagher
Batting: RHB Ike Brown 0-0: Foul Ball, location: 2LF
0-1: Foul Ball, location: 3F
0-2: Fly out, F6 (Popup, 6MS, EV 63.1 MPH)
Batting: LHB Bill Brooks 0-0: Called Strike
0-1: Ball
1-1: Ball
2-1: Foul Ball, location: 2F
2-2: Foul Ball, location: 2F
2-2: Foul Ball, location: 3DF
2-2: SINGLE (Groundball, 34D, EV 94.4 MPH)
Batting: RHB Keizo Ando 0-0: Ball
1-0: Swinging Strike
1-1: Ball
2-1: Grounds into double play, 6-4-3 (Groundball, 6, EV 81.3 MPH)
Top of the 2nd over - 0 runs, 1 hit, 0 errors, 0 left on base; Charleston 1 - Beaumont 1
BOTTOM OF THE 2ND
Beaumont Roughnecks batting - Pitching for Charleston Chew : LHP Heui-seong Pak
Batting: RHB Millard Taylor 0-0: Ball
1-0: Called Strike
1-1: Foul Ball, location: 23F
1-2: Ball
2-2: Foul Ball, location: 2F
2-2: Strikes out swinging
Batting: RHB Derek Henderson 0-0: Called Strike
0-1: Ball
1-1: Ball
2-1: Ground out 6-3 (Groundball, 6, EV 81.9 MPH)
Batting: SHB Steve Payne 0-0: Foul Ball, location: 5F
0-1: Ball
1-1: Called Strike
1-2: Ball
2-2: Foul Ball, location: 23FF
2-2: Foul Ball, location: 2F
2-2: Strikes out looking
Bottom of the 2nd over - 0 runs, 0 hits, 0 errors, 0 left on base; Charleston 1 - Beaumont 1
TOP OF THE 3RD
Charleston Chew batting - Pitching for Beaumont Roughnecks : RHP Tom Gallagher
Batting: RHB Shawn Thompson 0-0: Called Strike
0-1: Ball
1-1: Ball
2-1: Ball
3-1: Foul Ball, location: 2F
3-2: Strikes out swinging
Batting: RHB Jim Unknown 0-0: Called Strike
0-1: Called Strike
0-2: Strikes out swinging
Batting: RHB Jerry Moore 0-0: Ball
1-0: Ball
2-0: Called Strike
2-1: Ground out U3 (Groundball, 34S, EV 71.9 MPH)
Top of the 3rd over - 0 runs, 0 hits, 0 errors, 0 left on base; Charleston 1 - Beaumont 1
BOTTOM OF THE 3RD
Beaumont Roughnecks batting - Pitching for Charleston Chew : LHP Heui-seong Pak
Batting: LHB Alejandro Guerrero 0-0: Called Strike
0-1: Ball
1-1: Foul Ball, location: 2F
1-2: Ball
2-2: Fly out, F7 (Flyball, 7D, EV 101.3 MPH)
Batting: RHB Errol Martin 0-0: Ball
1-0: Called Strike
1-1: DOUBLE (Groundball, 5L, EV 105.6 MPH)
Batting: LHB Frank Hudson 0-0: Ball
1-0: Swinging Strike
1-1: Fly out, F8 (Flyball, 8RM, EV 89.4 MPH)
Batting: RHB Chris Roy 0-0: Called Strike
0-1: Ball
1-1: Fly out, F9 (Flyball, 9, EV 89.4 MPH)
Bottom of the 3rd over - 0 runs, 1 hit, 0 errors, 1 left on base; Charleston 1 - Beaumont 1
TOP OF THE 4TH
Charleston Chew batting - Pitching for Beaumont Roughnecks : RHP Tom Gallagher
Batting: RHB Edgardo Brieno 0-0: Called Strike
0-1: Called Strike
0-2: Ball
1-2: Foul Ball, location: 2F
1-2: Foul Ball, location: 3F
1-2: Ball
2-2: SINGLE (Groundball, 4MD, EV 98.8 MPH) (infield hit)
Batting: LHB Eric Alexander 0-0: Called Strike
0-1: DOUBLE (Line Drive, 9LM, EV 98.1 MPH)
Edgardo Brieno to third
Runner from 3rd tries for Home, SAFE, throw by RF to home
Batting: RHB Ernest Ramsey 0-0: Ball
1-0: Ground out 6-3 (Groundball, 6, EV 85.0 MPH)
Batting: RHB Ike Brown 0-0: Ball
1-0: Fly out, F8 (Flyball, 8RM, EV 91.3 MPH)
Batting: LHB Bill Brooks 0-0: Ball
1-0: DOUBLE (Line Drive, 78D, EV 105.0 MPH)
Eric Alexander scores
Batting: RHB Keizo Ando 0-0: Ground out 6-3 (Groundball, 56, EV 80.0 MPH)
Top of the 4th over - 2 runs, 3 hits, 0 errors, 1 left on base; Charleston 3 - Beaumont 1
BOTTOM OF THE 4TH
Beaumont Roughnecks batting - Pitching for Charleston Chew : LHP Heui-seong Pak
Batting: SHB Mark Jewell 0-0: Called Strike
0-1: Ball
1-1: Fly out, F8 (Flyball, 8LS, EV 85.0 MPH)
Batting: RHB Shane Smith 0-0: Swinging Strike
0-1: Called Strike
0-2: Fly out, F7 (Flyball, 78S, EV 80.0 MPH)
Batting: RHB Millard Taylor 0-0: Ball
1-0: Foul Ball, location: 2F
1-1: Foul Ball, location: 25FF
1-2: Ground out 4-3 (Groundball, 4, EV 103.1 MPH)
Bottom of the 4th over - 0 runs, 0 hits, 0 errors, 0 left on base; Charleston 3 - Beaumont 1
TOP OF THE 5TH
Charleston Chew batting - Pitching for Beaumont Roughnecks : RHP Tom Gallagher
Batting: RHB Shawn Thompson 0-0: Ball
1-0: Foul Ball, location: 2F
1-1: Foul Ball, location: 9LSF
1-2: Ball
2-2: Ground out 4-3 (Groundball, 4, EV 93.1 MPH)
Batting: RHB Jim Unknown 0-0: Called Strike
0-1: Ground out U3 (Groundball, 34S, EV 87.5 MPH)
Batting: RHB Jerry Moore 0-0: Called Strike
0-1: Ball
1-1: Foul Ball, location: 5F
1-2: Fly out, F7 (Line Drive, 7S, EV 90.0 MPH)
Top of the 5th over - 0 runs, 0 hits, 0 errors, 0 left on base; Charleston 3 - Beaumont 1
BOTTOM OF THE 5TH
Beaumont Roughnecks batting - Pitching for Charleston Chew : LHP Heui-seong Pak
Batting: RHB Derek Henderson 0-0: Ball
1-0: Ball
2-0: DOUBLE (Flyball, 8LXD, EV 96.9 MPH)
Batting: SHB Steve Payne 0-0: Ball
1-0: Ball
2-0: Foul Ball, location: 7LMF
2-1: Ball
3-1: SINGLE (Groundball, 6MD, EV 106.3 MPH)
Derek Henderson to third
Throwing error, E8
Derek Henderson scores
Steve Payne to second
Batting: LHB Alejandro Guerrero 0-0: Ball
1-0: Swinging Strike
1-1: Foul Ball, location: 5FF
1-2: Strikes out swinging
Batting: RHB Errol Martin 0-0: Ball
1-0: Foul Ball, location: 5FF
1-1: Ball
2-1: Fly out, F8 (Flyball, 8RS, EV 77.5 MPH)
Batting: LHB Frank Hudson 0-0: Ball
1-0: Ball
2-0: Swinging Strike
2-1: Foul Ball, location: 7LDF
2-2: Strikes out swinging
Bottom of the 5th over - 1 run, 2 hits, 1 error, 1 left on base; Charleston 3 - Beaumont 2
TOP OF THE 6TH
Charleston Chew batting - Pitching for Beaumont Roughnecks : RHP Tom Gallagher
Batting: RHB Edgardo Brieno 0-0: Ball
1-0: Ball
2-0: Foul Ball, location: 25FF
2-1: Foul Ball, location: 3FF
2-2: Ball
3-2: SOLO HOME RUN (Flyball, 7D, EV 100.0 MPH), Distance : 388 ft
Batting: LHB Eric Alexander 0-0: Called Strike
0-1: DOUBLE (Flyball, 8LXD, EV 97.5 MPH)
Batting: RHB Ernest Ramsey 0-0: Ball
1-0: SINGLE (Line Drive, 6M, EV 95.6 MPH)
Eric Alexander to third
Batting: RHB Ike Brown 0-0: Ball
1-0: Ball
2-0: Ball
3-0: Base on Balls
Ernest Ramsey to second
Batting: LHB Bill Brooks 0-0: SINGLE (Line Drive, 78S, EV 103.8 MPH)
Eric Alexander scores
Ernest Ramsey to third
Ike Brown to second
Runner from 3rd tries for Home, SAFE, throw by LF to home
Pitching: RHP Tony Cloninger
Batting: RHB Keizo Ando 0-0: Ball
1-0: SINGLE (Groundball, 23, EV 66.9 MPH) (infield hit)
Ike Brown to third
Bill Brooks to second
Batting: RHB Shawn Thompson 0-0: Fly out, F8 (Flyball, 8LS, EV 93.8 MPH)
Batting: RHB Jim Unknown 0-0: Called Strike
0-1: Foul Ball, location: 2F
0-2: Strikes out swinging
Batting: RHB Jerry Moore 0-0: Called Strike
0-1: Foul Ball, location: 23F
0-2: Strikes out looking
Top of the 6th over - 3 runs, 5 hits, 0 errors, 3 left on base; Charleston 6 - Beaumont 2
BOTTOM OF THE 6TH
Beaumont Roughnecks batting - Pitching for Charleston Chew : LHP Heui-seong Pak
Batting: RHB Chris Roy 0-0: Ball
1-0: Foul Ball, location: 3SF
1-1: Ball
2-1: Foul Ball, location: 3F
2-2: Ball
3-2: SINGLE (Groundball, 56S, EV 71.9 MPH) (infield hit)
Batting: SHB Mark Jewell 0-0: Ball
1-0: Ball
2-0: Ball
3-0: Base on Balls
Chris Roy to second
Batting: RHB Shane Smith 0-0: Hit by Pitch
Chris Roy to third
Mark Jewell to second
Batting: RHB Millard Taylor 0-0: Ball
1-0: Called Strike
1-1: Ball
2-1: Foul Ball, location: 9LMF
2-2: Ball
3-2: SINGLE (Line Drive, 9S, EV 93.8 MPH)
Chris Roy scores
Mark Jewell to third
Shane Smith to second
Batting: RHB Derek Henderson 0-0: Called Strike
0-1: Ball
1-1: Ball
2-1: Foul Ball, location: 9LDF
2-2: Foul Ball, location: 2F
2-2: Ball
3-2: Foul Ball, location: 5F
3-2: Foul Ball, location: 23F
3-2: Foul Ball, location: 2F
3-2: Foul Ball, location: 2F
3-2: Strikes out swinging
Batting: SHB Steve Payne 0-0: Ball
1-0: Called Strike
1-1: Ball
2-1: Ball
3-1: Swinging Strike
3-2: Foul Ball, location: 2F
3-2: Base on Balls
Mark Jewell scores
Shane Smith to third
Millard Taylor to second
Batting: LHB Alejandro Guerrero 0-0: Called Strike
0-1: Ball
1-1: Foul Ball, location: 7LSF
1-2: Ball
2-2: Strikes out swinging
Batting: RHB Errol Martin 0-0: Fly out, F8 (Flyball, 8RM, EV 78.8 MPH)
Bottom of the 6th over - 2 runs, 2 hits, 0 errors, 3 left on base; Charleston 6 - Beaumont 4
TOP OF THE 7TH
Charleston Chew batting - Pitching for Beaumont Roughnecks : RHP Tony Cloninger
Batting: RHB Edgardo Brieno 0-0: Ball
1-0: Ball
2-0: Foul Ball, location: 3F
2-1: Foul Ball, location: 2F
2-2: Fly out, F9 (Line Drive, 89M, EV 91.9 MPH)
Batting: LHB Eric Alexander 0-0: Foul Ball, location: 5DF
0-1: Called Strike
0-2: Ball
1-2: SOLO HOME RUN (Line Drive, 7D, EV 100.0 MPH), Distance : 397 ft
Batting: RHB Ernest Ramsey 0-0: Fly out, F9 (Line Drive, 9, EV 110.0 MPH)
Batting: RHB Ike Brown 0-0: Ball
1-0: Ball
2-0: Ball
3-0: Called Strike
3-1: Swinging Strike
3-2: Foul Ball, location: 25F
3-2: SINGLE (Line Drive, 89S, EV 96.9 MPH)
Batting: LHB Bill Brooks 0-0: Hit by Pitch
Ike Brown to second
Batting: RHB Keizo Ando 0-0: Called Strike
0-1: Ball
1-1: Ball
2-1: Ball
3-1: Base on Balls
Ike Brown to third
Bill Brooks to second
Batting: RHB Shawn Thompson 0-0: Called Strike
0-1: Called Strike
0-2: Strikes out swinging
Top of the 7th over - 1 run, 2 hits, 0 errors, 3 left on base; Charleston 7 - Beaumont 4
BOTTOM OF THE 7TH
Beaumont Roughnecks batting - Pitching for Charleston Chew : LHP Heui-seong Pak
Batting: LHB Frank Hudson 0-0: Foul Ball, location: 23F
0-1: Foul Ball, location: 2RF
0-2: SINGLE (Line Drive, 3D, EV 94.4 MPH)
Batting: RHB Chris Roy 0-0: Ball
1-0: Ball
2-0: Called Strike
2-1: Swinging Strike
2-2: Ball
3-2: Strikes out swinging
Batting: SHB Mark Jewell 0-0: Fly out, F8 (Flyball, 8LM, EV 82.5 MPH)
Batting: RHB Shane Smith 0-0: SINGLE (Groundball, 56, EV 104.4 MPH) (infield hit)
Frank Hudson to second
Batting: RHB Millard Taylor 0-0: Called Strike
0-1: Ball
1-1: Ball
2-1: Ball
3-1: Called Strike
3-2: Foul Ball, location: 3F
3-2: Base on Balls
Frank Hudson to third
Shane Smith to second
Batting: RHB Derek Henderson 0-0: Called Strike
0-1: Foul Ball, location: 2F
0-2: Ball
1-2: Ball
2-2: Foul Ball, location: 23F
2-2: Strikes out swinging
Bottom of the 7th over - 0 runs, 2 hits, 0 errors, 3 left on base; Charleston 7 - Beaumont 4
TOP OF THE 8TH
Charleston Chew batting - Pitching for Beaumont Roughnecks : RHP Tony Cloninger
Batting: RHB Jim Unknown 0-0: Called Strike
0-1: Ball
1-1: Ball
2-1: Swinging Strike
2-2: Foul Ball, location: 9LMF
2-2: Strikes out looking
Batting: RHB Jerry Moore 0-0: Called Strike
0-1: Ball
1-1: Ball
2-1: Foul Ball, location: 5F
2-2: Ball
3-2: Strikes out looking
Batting: RHB Edgardo Brieno 0-0: Ball
1-0: Ball
2-0: Ball
3-0: Called Strike
3-1: Base on Balls
Batting: LHB Eric Alexander 0-0: Called Strike
0-1: Ball
Edgardo Brieno is caught stealing 2nd base 2-6
Top of the 8th over - 0 runs, 0 hits, 0 errors, 0 left on base; Charleston 7 - Beaumont 4
BOTTOM OF THE 8TH
Beaumont Roughnecks batting - Pitching for Charleston Chew : LHP Heui-seong Pak
Batting: SHB Steve Payne 0-0: Ball
1-0: Called Strike
1-1: Ball
2-1: Ball
3-1: Called Strike
3-2: Foul Ball, location: 9LSF
3-2: SINGLE (Groundball, 6MD, EV 110.0 MPH)
Batting: LHB Alejandro Guerrero 0-0: Ball
1-0: Ball
2-0: Ball
3-0: Called Strike
3-1: Fly out, F6 (Popup, 6, EV 51.9 MPH)
Pitching: RHP Scott Hayes
Pinch Hitting: LHB Andy Pennifold 0-0: Grounds out, U3 (Groundball, 3L, EV 78.8 MPH)
Batting: LHB Frank Hudson 0-0: Swinging Strike
0-1: Called Strike
0-2: Strikes out swinging
Bottom of the 8th over - 0 runs, 1 hit, 0 errors, 1 left on base; Charleston 7 - Beaumont 4
TOP OF THE 9TH
Charleston Chew batting - Pitching for Beaumont Roughnecks : RHP Tony Cloninger
Now at 2B: Ray Kemp
Batting: LHB Eric Alexander 0-0: Called Strike
0-1: Foul Ball, location: 3FF
0-2: Foul Ball, location: 25F
0-2: Ball
1-2: Ball
2-2: Ball
3-2: Ground out 4-3 (Groundball, 4MS, EV 78.1 MPH)
Batting: RHB Ernest Ramsey 0-0: Ball
1-0: Swinging Strike
1-1: Foul Ball, location: 2F
1-2: Strikes out swinging
Batting: RHB Ike Brown 0-0: Fly out, F8 (Line Drive, 8LM, EV 85.0 MPH)
Top of the 9th over - 0 runs, 0 hits, 0 errors, 0 left on base; Charleston 7 - Beaumont 4
BOTTOM OF THE 9TH
Beaumont Roughnecks batting - Pitching for Charleston Chew : RHP Scott Hayes
Batting: RHB Chris Roy 0-0: Ball
1-0: Ball
2-0: DOUBLE (Line Drive, 9LS, EV 92.5 MPH)
Batting: SHB Mark Jewell 0-0: Foul Ball, location: 25F
0-1: Ball
1-1: Ball
2-1: Foul Ball, location: 3SF
2-2: Foul Ball, location: 5FF
2-2: Strikes out looking
Pinch Hitting: LHB Bernie Allen 0-0: Ball
1-0: Swinging Strike
1-1: Foul Ball, location: 9LMF
1-2: Ball
2-2: Strikes out swinging
Batting: RHB Millard Taylor 0-0: Foul Ball, location: 9LDF
0-1: Reached on error, E5 (Groundball, 56, EV 100.6 MPH)
Batting: RHB Derek Henderson 0-0: Ball
1-0: 3-RUN HOME RUN (Flyball, 9D, EV 95.0 MPH), Distance : 360 ft
Pitching: RHP Keith Bennett
Batting: SHB Steve Payne 0-0: Swinging Strike
0-1: Foul Ball, location: 7LDF
0-2: Ball
1-2: Fly out, F6 (Line Drive, 6M, EV 68.1 MPH)
Bottom of the 9th over - 3 runs, 2 hits, 1 error, 0 left on base; Charleston 7 - Beaumont 7
TOP OF THE 10TH
Charleston Chew batting - Pitching for Beaumont Roughnecks : RHP Tony Cloninger
Pitching: LHP Cooper Thomas
Now at SS: Soo-yeon Kim
Batting: RHB Archie Beck 0-0: Ball
1-0: Ball
2-0: Called Strike
2-1: Foul Ball, location: 2F
2-2: Ball
3-2: Strikes out swinging
Batting: RHB Keizo Ando 0-0: Foul Ball, location: 5F
0-1: Ball
1-1: Ball
2-1: Foul Ball, location: 25FF
2-2: Foul Ball, location: 7LMF
2-2: Foul Ball, location: 2F
2-2: TRIPLE (Line Drive, 89XD, EV 100.6 MPH)
Batting: RHB Shawn Thompson 0-0: Intentional Walk
Batting: RHB Jim Unknown 0-0: Called Strike
0-1: Fielders Choice at home, 5-2 (Groundball, 5S, EV 65.6 MPH)
Shawn Thompson to second
Batting: RHB Jerry Moore 0-0: Foul Ball, location: 5FF
0-1: Called Strike
0-2: Foul Ball, location: 2F
0-2: Ball
1-2: Foul Ball, location: 5DF
1-2: Ball
2-2: Ball
3-2: Ground out 6-3 (Groundball, 6, EV 100.6 MPH)
Top of the 10th over - 0 runs, 1 hit, 0 errors, 2 left on base; Charleston 7 - Beaumont 7
BOTTOM OF THE 10TH
Beaumont Roughnecks batting - Pitching for Charleston Chew : RHP Keith Bennett
Batting: LHB Alejandro Guerrero 0-0: Ball
1-0: Called Strike
1-1: Called Strike
1-2: Fly out, F6 (Popup, 6MS, EV 73.8 MPH)
Batting: RHB Ray Kemp 0-0: SINGLE (Line Drive, 8RS, EV 100.0 MPH)
Batting: LHB Frank Hudson 0-0: Foul Ball, location: 9LMFF
0-1: Foul Ball, location: 2F
0-2: Fly out, F7 (Flyball, 7D, EV 93.8 MPH)
Batting: RHB Chris Roy 0-0: Fielders Choice at 2nd, 6-4 (Groundball, 6, EV 92.5 MPH)
Bottom of the 10th over - 0 runs, 1 hit, 0 errors, 1 left on base; Charleston 7 - Beaumont 7
TOP OF THE 11TH
Charleston Chew batting - Pitching for Beaumont Roughnecks : LHP Cooper Thomas
Batting: RHB Edgardo Brieno 0-0: Ball
1-0: Called Strike
1-1: Swinging Strike
1-2: Foul Ball, location: 5SF
1-2: Strikes out swinging
Pinch Hitting: RHB Ken Harrelson 0-0: Called Strike
0-1: Ball
1-1: Foul Ball, location: 2F
1-2: Strikes out swinging
Batting: RHB Ernest Ramsey 0-0: Ball
1-0: Swinging Strike
1-1: Ball
2-1: Swinging Strike
2-2: Ball
3-2: SINGLE (Groundball, 34D, EV 101.3 MPH)
Pitching: RHP Tony Allen
Batting: RHB Ike Brown 0-0: Ball
1-0: Foul Ball, location: 2F
1-1: DOUBLE (Flyball, 8RXD, EV 100.0 MPH)
Ernest Ramsey to third
Runner from 3rd tries for Home, SAFE, throw by CF to trailing runner, SAFE at third!
Batting: RHB Archie Beck 0-0: Called Strike
0-1: Foul Ball, location: 3F
0-2: Ball
1-2: Fly out, F9 (Flyball, 9D, EV 92.5 MPH)
Top of the 11th over - 1 run, 2 hits, 0 errors, 1 left on base; Charleston 8 - Beaumont 7
BOTTOM OF THE 11TH
Beaumont Roughnecks batting - Pitching for Charleston Chew : RHP Keith Bennett
Now in LF: Shotaro Kiyomizu
Batting: SHB Mark Jewell 0-0: Ball
1-0: Foul Ball, location: 7LMFF
1-1: SINGLE (Groundball, 6, EV 80.0 MPH) (infield hit)
Batting: SHB Soo-yeon Kim 0-0: Ground out 6-3 (Groundball, 56, EV 84.4 MPH)
Mark Jewell to second
Batting: RHB Millard Taylor 0-0: Ground out 5-3 (Groundball, 56, EV 104.4 MPH)
Mark Jewell to third
Pinch Hitting: RHB Craig Alvarado 0-0: Ball
1-0: Called Strike
1-1: Foul Ball, location: 9LSF
1-2: SINGLE (Line Drive, 9S, EV 102.5 MPH)
Mark Jewell scores
Batting: SHB Steve Payne 0-0: Ground out 4-3 (Groundball, 4, EV 79.4 MPH)
Bottom of the 11th over - 1 run, 2 hits, 0 errors, 1 left on base; Charleston 8 - Beaumont 8
TOP OF THE 12TH
Charleston Chew batting - Pitching for Beaumont Roughnecks : RHP Tony Allen
Now in RF: Kratukarana Murugappa
Pinch Hitting: LHB Juan Figura 0-0: Ball
1-0: Called Strike
1-1: Foul Ball, location: 2F
1-2: Ball
2-2: Foul Ball, location: 2F
2-2: Strikes out swinging
Batting: RHB Shawn Thompson 0-0: Foul Ball, location: 3F
0-1: Ground out 6-3 (Groundball, 6, EV 89.4 MPH)
Batting: RHB Jim Unknown 0-0: Ball
1-0: Ball
2-0: Called Strike
2-1: Foul Ball, location: 2F
2-2: Strikes out swinging
Top of the 12th over - 0 runs, 0 hits, 0 errors, 0 left on base; Charleston 8 - Beaumont 8
BOTTOM OF THE 12TH
Beaumont Roughnecks batting - Pitching for Charleston Chew : RHP Keith Bennett
Now in LF: Edgardo Brieno
Now in CF: Shotaro Kiyomizu
Now in RF: Juan Figura
Batting: LHB Alejandro Guerrero 0-0: Called Strike
0-1: Called Strike
0-2: Ball
1-2: Ball
2-2: SOLO HOME RUN (Flyball, 7D, EV 100.0 MPH), Distance : 395 ft
Bottom of the 12th over - 1 run, 1 hit, 0 errors, 0 left on base; Charleston 8 - Beaumont 9
Friday, March 15th , 2024 - OOTP Baseball 24.8 Build 75